Workbook

Sheet Esclarecimentos
B9: Coordenação-Geral de Transferências Intergovernamentais - COINT
B10: Gerência de Dados de Transferências Intergovernamentais - GERED
B12: ESCLARECIMENTOS
B14: Este arquivo destina-se a informar os valores transferidos pela União aos Municípios a título de Emendas Individuais no ano de 2026.
B16: Os valores foram extraídos do Tesouro Gerencial e estão atualizados até o dia 03/11/2026.
B17: Foram utilizados os seguintes filtros para a extração dos valores:
B18: Item Informação = PAGAMENTOS TOTAIS (EXERCICIO E RAP)) Resultado Primário Lei = 6:DESPESA DISCRICIONARIA E DECORRENTE DE EMENDA INDIVIDUAL Emissão - Ano = 2026 Modalidade Aplicação = 40:TRANSFERENCIAS A MUNICIPIOS, 41:TRANSFERENCIAS A MUNICIPIOS - FUNDO A FUNDO, 42:EXECUCAO ORCAMENTARIA DELEGADA A MUNICIPIOS, 45:TRANSFERENCIAS A MUNICIPIOS ART.24 LC 141/12, 46:TRANSFERENCIAS A MUNICIPIOS ART.25 LC 141/12) Esfera Orçamentária = 1:ORCAMENTO FISCAL, 2:ORCAMENTO DE SEGURIDADE SOCIAL
B22: Eventuais dúvidas: | D22: (clique aqui) | F22: Painel das Emendas Parlamentares Individuais e de Bancada
I24: Atualizado em | J24: 46330

Sheet Despesas de Capital
A1: MUNICIPIO | B1: UF | C1: 46023 | D1: 46054 | E1: 46082 | F1: 46113 | G1: 46143 | H1: 46174 | I1: 46204 | J1: 46235 | K1: 46266 | L1: 46296 | M1: 46327 | N1: 46357 | O1: TOTAL
A2: Acrelândia | B2: AC | C2: 0 | D2: 679900 | E2: 0 | F2: 0 | G2: 3383000 | H2: 477196.5 | I2: 0 | J2: 0 | K2: 0 | L2: 0 | O2: =SUM(C2:N2) -> 4540096.5
A3: Assis Brasil | B3: AC | C3: 0 | D3: 0 | E3: 0 | F3: 498834 | G3: 746250 | H3: 0 | I3: 0 | J3: 0 | K3: 0 | L3: 0 | O3: =SUM(C3:N3) -> 1245084
A4: Brasiléia | B4: AC | C4: 0 | D4: 122256.77 | E4: 150000 | F4: 0 | G4: 567027.62 | H4: 1070977 | I4: 0 | J4: 0 | K4: 0 | L4: 0 | O4: =SUM(C4:N4) -> 1910261.4
A5: Bujari | B5: AC | C5: 0 | D5: 0 | E5: 743106.15 | F5: 0 | G5: 0 | H5: 289750.49 | I5: 0 | J5: 0 | K5: 0 | L5: 0 | O5: =SUM(C5:N5) -> 1032856.6
A6: Capixaba | B6: AC | C6: 0 | D6: 0 | E6: 0 | F6: 0 | G6: 995000 | H6: 1157268.4 | I6: 0 | J6: 0 | K6: 0 | L6: 0 | O6: =SUM(C6:N6) -> 2152268.4
A7: Cruzeiro do Sul | B7: AC | C7: 200000 | D7: 0 | E7: 0 | F7: 450000 | G7: 6214647.6 | H7: 1324968.6 | I7: 0 | J7: 0 | K7: 0 | L7: 0 | O7: =SUM(C7:N7) -> 8189616.2
A8: Epitaciolândia | B8: AC | C8: 249808 | D8: 878126 | E8: 1387750 | F8: 0 | G8: 5860550 | H8: 1990000 | I8: 0 | J8: 0 | K8: 0 | L8: 0 | O8: =SUM(C8:N8) -> 10366234
A9: Feijó | B9: AC | C9: 0 | D9: 0 | E9: 0 | F9: 0 | G9: 4278500 | H9: 3805967.1 | I9: 0 | J9: 0 | K9: 0 | L9: 0 | O9: =SUM(C9:N9) -> 8084467.1
A10: Jordão | B10: AC | C10: 0 | D10: 1141000 | E10: 0 | F10: 0 | G10: 0 | H10: 0 | I10: 0 | J10: 0 | K10: 0 | L10: 0 | O10: =SUM(C10:N10) -> 1141000
A11: Mâncio Lima | B11: AC | C11: 0 | D11: 68359.8 | E11: 0 | F11: 141117.51 | G11: 6154477 | H11: 2636750 | I11: 0 | J11: 0 | K11: 0 | L11: 0 | O11: =SUM(C11:N11) -> 9000704.3
A12: Manoel Urbano | B12: AC | C12: 0 | D12: 0 | E12: 0 | F12: 0 | G12: 696500 | H12: 428126 | I12: 0 | J12: 0 | K12: 0 | L12: 0 | O12: =SUM(C12:N12) -> 1124626
A13: Marechal Thaumaturgo | B13: AC | C13: 0 | D13: 1141000 | E13: 0 | F13: 0 | G13: 2935250 | H13: 0 | I13: 0 | J13: 0 | K13: 68848.47 | L13: 0 | O13: =SUM(C13:N13) -> 4145098.5
... A2295: Barra do Garças | B2295: MT | C2295: 0 | D2295: 337667 | E2295: 767341 | F2295: 0 | G2295: 995043.78 | H2295: 995043.78 | I2295: 0 | J2295: 0 | K2295: 0 | L2295: 0 | O2295: =SUM(C2295:N2295) -> 3095095.6
A2296: Boa Esperança do Norte | B2296: MT | C2296: 0 | D2296: 337667 | E2296: 0 | F2296: 0 | G2296: 0 | H2296: 0 | I2296: 0 | J2296: 0 | K2296: 0 | L2296: 0
A2297: Bom Jesus do Araguaia | B2297: MT | C2297: 0 | D2297: 337667 | E2297: 0 | F2297: 0 | G2297: 0 | H2297: 0 | I2297: 0 | J2297: 0 | K2297: 0 | L2297: 0 | O2297: =SUM(C2297:N2297) -> 337667
A2298: Brasnorte | B2298: MT | C2298: 0 | D2298: 337667 | E2298: 0 | F2298: 0 | G2298: 0 | H2298: 0 | I2298: 0 | J2298: 0 | K2298: 0 | L2298: 0 | O2298: =SUM(C2298:N2298) -> 337667
A2299: Cáceres | B2299: MT | C2299: 0 | D2299: 1474294 | E2299: 0 | F2299: 0 | G2299: 0 | H2299: 995043.78 | I2299: 0 | J2299: 0 | K2299: 0 | L2299: 0 | O2299: =SUM(C2299:N2299) -> 2469337.8
A2300: Campinápolis | B2300: MT | C2300: 0 | D2300: 0 | E2300: 0 | F2300: 0 | G2300: 0 | H2300: 0 | I2300: 0 | J2300: 0 | K2300: 0 | L2300: 0 | O2300: =SUM(C2300:N2300) -> 0
A2301: Campo Novo do Parecis | B2301: MT | C2301: 0 | D2301: 174000 | E2301: 0 | F2301: 0 | G2301: 696500 | H2301: 0 | I2301: 0 | J2301: 0 | K2301: 0 | L2301: 0 | O2301: =SUM(C2301:N2301) -> 870500
A2302: Campo Verde | B2302: MT | C2302: 0 | D2302: 537493 | E2302: 0 | F2302: 0 | G2302: 0 | H2302: 2008796.8 | I2302: 0 | J2302: 0 | K2302: 0 | L2302: 0 | O2302: =SUM(C2302:N2302) -> 2546289.8
A2303: Campos de Júlio | B2303: MT | C2303: 0 | D2303: 0 | E2303: 0 | F2303: 0 | G2303: 0 | H2303: 0 | I2303: 0 | J2303: 0 | K2303: 0 | L2303: 0 | O2303: =SUM(C2303:N2303) -> 0
A2304: Canabrava do Norte | B2304: MT | C2304: 0 | D2304: 350000 | E2304: 0 | F2304: 0 | G2304: 0 | H2304: 0 | I2304: 0 | J2304: 0 | K2304: 0 | L2304: 0 | O2304: =SUM(C2304:N2304) -> 350000
A2305: Canarana | B2305: MT | C2305: 0 | D2305: 337667 | E2305: 0 | F2305: 0 | G2305: 1019000 | H2305: 0 | I2305: 0 | J2305: 0 | K2305: 0 | L2305: 0 | O2305: =SUM(C2305:N2305) -> 1356667
A2306: Carlinda | B2306: MT | C2306: 0 | D2306: 337667 | E2306: 0 | F2306: 0 | G2306: 0 | H2306: 0 | I2306: 0 | J2306: 0 | K2306: 0 | L2306: 0 | O2306: =SUM(C2306:N2306) -> 337667
A2307: Castanheira | B2307: MT | C2307: 0 | D2307: 0 | E2307: 0 | F2307: 0 | G2307: 0 | H2307: 0 | I2307: 0 | J2307: 0 | K2307: 0 | L2307: 0 | O2307: =SUM(C2307:N2307) -> 0
A2308: Chapada dos Guimarães | B2308: MT | C2308: 0 | D2308: 2250023.3 | E2308: 0 | F2308: 0 | G2308: 1393043.8 | H2308: 0 | I2308: 0 | J2308: 0 | K2308: 0 | L2308: 0 | O2308: =SUM(C2308:N2308) -> 3643067.1
... A5571: Xambioá | B5571: TO | C5571: 0 | D5571: 0 | E5571: 0 | F5571: 0 | G5571: 3980000 | H5571: 0 | I5571: 0 | J5571: 0 | K5571: 0 | L5571: 0 | O5571: =SUM(C5571:N5571) -> 3980000
A5572: Total | C5572: =SUM(C2:C5571) -> 82424375 | D5572: =SUM(D2:D5571) -> 2.621461e+08 | E5572: =SUM(E2:E5571) -> 68097457 | F5572: =SUM(F2:F5571) -> 85603236 | G5572: =SUM(G2:G5571) -> 2.8644544e+09 | H5572: =SUM(H2:H5571) -> 1.5323979e+09 | I5572: =SUM(I2:I5571) -> 59186616 | J5572: =SUM(J2:J5571) -> 13589425 | ... N5572: =SUM(N2:N5571) -> 0 | O5572: =SUM(C5572:N5572) -> 4.9852079e+09

Sheet Despesas Correntes
A1: MUNICIPIO | B1: UF | C1: 46023 | D1: 46054 | E1: 46082 | F1: 46113 | G1: 46143 | H1: 46174 | I1: 46204 | J1: 46235 | K1: 46266 | L1: 46296 | M1: 46327 | N1: 46357 | O1: TOTAL
A2: Acrelândia | B2: AC | C2: 0 | D2: 0 | E2: 0 | F2: 200000 | G2: 497500 | H2: 3104386 | I2: 0 | J2: 0 | K2: 0 | L2: 0 | O2: =SUM(C2:N2) -> 3801886
A3: Assis Brasil | B3: AC | C3: 0 | D3: 0 | E3: 400010 | F3: 300000 | G3: 4691500 | H3: 945250 | I3: 0 | J3: 0 | K3: 0 | L3: 0 | O3: =SUM(C3:N3) -> 6336760
A4: Brasiléia | B4: AC | C4: 0 | D4: 0 | E4: 0 | F4: 300000 | G4: 0 | H4: 4147604 | I4: 0 | J4: 0 | K4: 0 | L4: 0 | O4: =SUM(C4:N4) -> 4447604
A5: Bujari | B5: AC | C5: 0 | D5: 0 | E5: 0 | F5: 200000 | G5: 199000 | H5: 300000 | I5: 0 | J5: 0 | K5: 0 | L5: 0 | O5: =SUM(C5:N5) -> 699000
A6: Capixaba | B6: AC | C6: 0 | D6: 0 | E6: 0 | F6: 0 | G6: 5483900 | H6: 5461215 | I6: 0 | J6: 0 | K6: 0 | L6: 0 | O6: =SUM(C6:N6) -> 10945115
A7: Cruzeiro do Sul | B7: AC | C7: 0 | D7: 0 | E7: 0 | F7: 1200000 | G7: 17500000 | H7: 2044000 | I7: 0 | J7: 0 | K7: 0 | L7: 0 | O7: =SUM(C7:N7) -> 20744000
A8: Epitaciolândia | B8: AC | C8: 0 | D8: 237600 | E8: 0 | F8: 0 | G8: 2995000 | H8: 1635104 | I8: 0 | J8: 0 | K8: 0 | L8: 0 | O8: =SUM(C8:N8) -> 4867704
A9: Feijó | B9: AC | C9: 0 | D9: 0 | E9: 100000 | F9: 0 | G9: 5997500 | H9: 796000 | I9: 0 | J9: 0 | K9: 0 | L9: 0 | O9: =SUM(C9:N9) -> 6893500
A10: Jordão | B10: AC | C10: 0 | D10: 0 | E10: 0 | F10: 100000 | G10: 3020871 | H10: 0 | I10: 0 | J10: 0 | K10: 0 | L10: 0 | O10: =SUM(C10:N10) -> 3120871
A11: Mâncio Lima | B11: AC | C11: 0 | D11: 0 | E11: 0 | F11: 0 | G11: 7104780 | H11: 3636339 | I11: 0 | J11: 0 | K11: 0 | L11: 0 | O11: =SUM(C11:N11) -> 10741119
A12: Manoel Urbano | B12: AC | C12: 0 | D12: 0 | E12: 0 | F12: 0 | G12: 3358500 | H12: 0 | I12: 0 | J12: 0 | K12: 0 | L12: 0 | O12: =SUM(C12:N12) -> 3358500
A13: Marechal Thaumaturgo | B13: AC | C13: 0 | D13: 0 | E13: 0 | F13: 0 | G13: 3558500 | H13: 1125793.5 | I13: 0 | J13: 0 | K13: 0 | L13: 0 | O13: =SUM(C13:N13) -> 4684293.5
... A2295: Barra do Garças | B2295: MT | C2295: 0 | D2295: 500000 | E2295: 0 | F2295: 0 | G2295: 2750000 | H2295: 2487500 | I2295: 0 | J2295: 0 | K2295: 0 | L2295: 0 | O2295: =SUM(C2295:N2295) -> 5737500
A2296: Boa Esperança do Norte | B2296: MT | C2296: 0 | D2296: 0 | E2296: 0 | F2296: 0 | G2296: 0 | H2296: 0 | I2296: 500000 | J2296: 0 | K2296: 0 | L2296: 0
A2297: Bom Jesus do Araguaia | B2297: MT | C2297: 0 | D2297: 0 | E2297: 0 | F2297: 0 | G2297: 0 | H2297: 0 | I2297: 0 | J2297: 0 | K2297: 0 | L2297: 0 | O2297: =SUM(C2297:N2297) -> 0
A2298: Brasnorte | B2298: MT | C2298: 0 | D2298: 0 | E2298: 0 | F2298: 0 | G2298: 0 | H2298: 300939 | I2298: 0 | J2298: 0 | K2298: 0 | L2298: 0 | O2298: =SUM(C2298:N2298) -> 300939
A2299: Cáceres | B2299: MT | C2299: 0 | D2299: 0 | E2299: 0 | F2299: 0 | G2299: 350000 | H2299: 0 | I2299: 0 | J2299: 0 | K2299: 0 | L2299: 0 | O2299: =SUM(C2299:N2299) -> 350000
A2300: Campinápolis | B2300: MT | C2300: 0 | D2300: 500000 | E2300: 0 | F2300: 0 | G2300: 377000 | H2300: 0 | I2300: 0 | J2300: 0 | K2300: 0 | L2300: 0 | O2300: =SUM(C2300:N2300) -> 877000
A2301: Campo Novo do Parecis | B2301: MT | C2301: 0 | D2301: 0 | E2301: 0 | F2301: 0 | G2301: 300000 | H2301: 900000 | I2301: 0 | J2301: 0 | K2301: 0 | L2301: 0 | O2301: =SUM(C2301:N2301) -> 1200000
A2302: Campo Verde | B2302: MT | C2302: 0 | D2302: 0 | E2302: 0 | F2302: 0 | G2302: 0 | H2302: 0 | I2302: 0 | J2302: 0 | K2302: 0 | L2302: 0 | O2302: =SUM(C2302:N2302) -> 0
A2303: Campos de Júlio | B2303: MT | C2303: 0 | D2303: 0 | E2303: 0 | F2303: 0 | G2303: 0 | H2303: 0 | I2303: 0 | J2303: 0 | K2303: 0 | L2303: 0 | O2303: =SUM(C2303:N2303) -> 0
A2304: Canabrava do Norte | B2304: MT | C2304: 0 | D2304: 0 | E2304: 0 | F2304: 0 | G2304: 0 | H2304: 0 | I2304: 0 | J2304: 0 | K2304: 0 | L2304: 0 | O2304: =SUM(C2304:N2304) -> 0
A2305: Canarana | B2305: MT | C2305: 0 | D2305: 0 | E2305: 0 | F2305: 0 | G2305: 3000000 | H2305: 0 | I2305: 0 | J2305: 0 | K2305: 0 | L2305: 0 | O2305: =SUM(C2305:N2305) -> 3000000
A2306: Carlinda | B2306: MT | C2306: 0 | D2306: 0 | E2306: 0 | F2306: 0 | G2306: 0 | H2306: 0 | I2306: 0 | J2306: 0 | K2306: 0 | L2306: 0 | O2306: =SUM(C2306:N2306) -> 0
A2307: Castanheira | B2307: MT | C2307: 0 | D2307: 0 | E2307: 0 | F2307: 0 | G2307: 0 | H2307: 0 | I2307: 0 | J2307: 0 | K2307: 0 | L2307: 0 | O2307: =SUM(C2307:N2307) -> 0
A2308: Chapada dos Guimarães | B2308: MT | C2308: 0 | D2308: 0 | E2308: 0 | F2308: 0 | G2308: 5624000 | H2308: 2000000 | I2308: 0 | J2308: 0 | K2308: 0 | L2308: 0 | O2308: =SUM(C2308:N2308) -> 7624000
... A5571: Xambioá | B5571: TO | C5571: 0 | D5571: 0 | E5571: 0 | F5571: 0 | G5571: 2700000 | H5571: 0 | I5571: 0 | J5571: 0 | K5571: 0 | L5571: 0 | O5571: =SUM(C5571:N5571) -> 2700000
A5572: Total | C5572: =SUM(C2:C5571) -> 2.4640877e+08 | D5572: =SUM(D2:D5571) -> 2.2601925e+08 | E5572: =SUM(E2:E5571) -> 1.1118717e+08 | F5572: =SUM(F2:F5571) -> 3.0457942e+08 | G5572: =SUM(G2:G5571) -> 7.6607194e+09 | H5572: =SUM(H2:H5571) -> 1.6584889e+09 | I5572: =SUM(I2:I5571) -> 2.0048678e+08 | J5572: =SUM(J2:J5571) -> 158376.54 | ... N5572: =SUM(N2:N5571) -> 0 | O5572: =SUM(C5572:N5572) -> 1.041249e+10

Sheet Total
A1: MUNICIPIO | B1: UF | C1: 46023 | D1: 46054 | E1: 46082 | F1: 46113 | G1: 46143 | H1: 46174 | I1: 46204 | J1: 46235 | K1: 46266 | L1: 46296 | M1: 46327 | N1: 46357 | O1: TOTAL
A2: Acrelândia | B2: AC | C2: ='Despesas de Capital'!C2+'Despesas Correntes'!C2 -> 0 | D2: ='Despesas de Capital'!D2+'Despesas Correntes'!D2 -> 679900 | E2: ='Despesas de Capital'!E2+'Despesas Correntes'!E2 -> 0 | F2: ='Despesas de Capital'!F2+'Despesas Correntes'!F2 -> 200000 | G2: ='Despesas de Capital'!G2+'Despesas Correntes'!G2 -> 3880500 | H2: ='Despesas de Capital'!H2+'Despesas Correntes'!H2 -> 3581582.5 | I2: ='Despesas de Capital'!I2+'Despesas Correntes'!I2 -> 0 | J2: ='Despesas de Capital'!J2+'Despesas Correntes'!J2 -> 0 | ... N2: ='Despesas de Capital'!N2+'Despesas Correntes'!N2 -> 0 | O2: =SUM(C2:N2) -> 8341982.5
A3: Assis Brasil | B3: AC | C3: ='Despesas de Capital'!C3+'Despesas Correntes'!C3 -> 0 | D3: ='Despesas de Capital'!D3+'Despesas Correntes'!D3 -> 0 | E3: ='Despesas de Capital'!E3+'Despesas Correntes'!E3 -> 400010 | F3: ='Despesas de Capital'!F3+'Despesas Correntes'!F3 -> 798834 | G3: ='Despesas de Capital'!G3+'Despesas Correntes'!G3 -> 5437750 | H3: ='Despesas de Capital'!H3+'Despesas Correntes'!H3 -> 945250 | I3: ='Despesas de Capital'!I3+'Despesas Correntes'!I3 -> 0 | J3: ='Despesas de Capital'!J3+'Despesas Correntes'!J3 -> 0 | ... N3: ='Despesas de Capital'!N3+'Despesas Correntes'!N3 -> 0 | O3: =SUM(C3:N3) -> 7581844
A4: Brasiléia | B4: AC | C4: ='Despesas de Capital'!C4+'Despesas Correntes'!C4 -> 0 | D4: ='Despesas de Capital'!D4+'Despesas Correntes'!D4 -> 122256.77 | E4: ='Despesas de Capital'!E4+'Despesas Correntes'!E4 -> 150000 | F4: ='Despesas de Capital'!F4+'Despesas Correntes'!F4 -> 300000 | G4: ='Despesas de Capital'!G4+'Despesas Correntes'!G4 -> 567027.62 | H4: ='Despesas de Capital'!H4+'Despesas Correntes'!H4 -> 5218581 | I4: ='Despesas de Capital'!I4+'Despesas Correntes'!I4 -> 0 | J4: ='Despesas de Capital'!J4+'Despesas Correntes'!J4 -> 0 | ... N4: ='Despesas de Capital'!N4+'Despesas Correntes'!N4 -> 0 | O4: =SUM(C4:N4) -> 6357865.4
A5: Bujari | B5: AC | C5: ='Despesas de Capital'!C5+'Despesas Correntes'!C5 -> 0 | D5: ='Despesas de Capital'!D5+'Despesas Correntes'!D5 -> 0 | E5: ='Despesas de Capital'!E5+'Despesas Correntes'!E5 -> 743106.15 | F5: ='Despesas de Capital'!F5+'Despesas Correntes'!F5 -> 200000 | G5: ='Despesas de Capital'!G5+'Despesas Correntes'!G5 -> 199000 | H5: ='Despesas de Capital'!H5+'Despesas Correntes'!H5 -> 589750.49 | I5: ='Despesas de Capital'!I5+'Despesas Correntes'!I5 -> 0 | J5: ='Despesas de Capital'!J5+'Despesas Correntes'!J5 -> 0 | ... N5: ='Despesas de Capital'!N5+'Despesas Correntes'!N5 -> 0 | O5: =SUM(C5:N5) -> 1731856.6
A6: Capixaba | B6: AC | C6: ='Despesas de Capital'!C6+'Despesas Correntes'!C6 -> 0 | D6: ='Despesas de Capital'!D6+'Despesas Correntes'!D6 -> 0 | E6: ='Despesas de Capital'!E6+'Despesas Correntes'!E6 -> 0 | F6: ='Despesas de Capital'!F6+'Despesas Correntes'!F6 -> 0 | G6: ='Despesas de Capital'!G6+'Despesas Correntes'!G6 -> 6478900 | H6: ='Despesas de Capital'!H6+'Despesas Correntes'!H6 -> 6618483.4 | I6: ='Despesas de Capital'!I6+'Despesas Correntes'!I6 -> 0 | J6: ='Despesas de Capital'!J6+'Despesas Correntes'!J6 -> 0 | ... N6: ='Despesas de Capital'!N6+'Despesas Correntes'!N6 -> 0 | O6: =SUM(C6:N6) -> 13097383
A7: Cruzeiro do Sul | B7: AC | C7: ='Despesas de Capital'!C7+'Despesas Correntes'!C7 -> 200000 | D7: ='Despesas de Capital'!D7+'Despesas Correntes'!D7 -> 0 | E7: ='Despesas de Capital'!E7+'Despesas Correntes'!E7 -> 0 | F7: ='Despesas de Capital'!F7+'Despesas Correntes'!F7 -> 1650000 | G7: ='Despesas de Capital'!G7+'Despesas Correntes'!G7 -> 23714648 | H7: ='Despesas de Capital'!H7+'Despesas Correntes'!H7 -> 3368968.5 | I7: ='Despesas de Capital'!I7+'Despesas Correntes'!I7 -> 0 | J7: ='Despesas de Capital'!J7+'Despesas Correntes'!J7 -> 0 | ... N7: ='Despesas de Capital'!N7+'Despesas Correntes'!N7 -> 0 | O7: =SUM(C7:N7) -> 28933616
A8: Epitaciolândia | B8: AC | C8: ='Despesas de Capital'!C8+'Despesas Correntes'!C8 -> 249808 | D8: ='Despesas de Capital'!D8+'Despesas Correntes'!D8 -> 1115726 | E8: ='Despesas de Capital'!E8+'Despesas Correntes'!E8 -> 1387750 | F8: ='Despesas de Capital'!F8+'Despesas Correntes'!F8 -> 0 | G8: ='Despesas de Capital'!G8+'Despesas Correntes'!G8 -> 8855550 | H8: ='Despesas de Capital'!H8+'Despesas Correntes'!H8 -> 3625104 | I8: ='Despesas de Capital'!I8+'Despesas Correntes'!I8 -> 0 | J8: ='Despesas de Capital'!J8+'Despesas Correntes'!J8 -> 0 | ... N8: ='Despesas de Capital'!N8+'Despesas Correntes'!N8 -> 0 | O8: =SUM(C8:N8) -> 15233938
A9: Feijó | B9: AC | C9: ='Despesas de Capital'!C9+'Despesas Correntes'!C9 -> 0 | D9: ='Despesas de Capital'!D9+'Despesas Correntes'!D9 -> 0 | E9: ='Despesas de Capital'!E9+'Despesas Correntes'!E9 -> 100000 | F9: ='Despesas de Capital'!F9+'Despesas Correntes'!F9 -> 0 | G9: ='Despesas de Capital'!G9+'Despesas Correntes'!G9 -> 10276000 | H9: ='Despesas de Capital'!H9+'Despesas Correntes'!H9 -> 4601967.1 | I9: ='Despesas de Capital'!I9+'Despesas Correntes'!I9 -> 0 | J9: ='Despesas de Capital'!J9+'Despesas Correntes'!J9 -> 0 | ... N9: ='Despesas de Capital'!N9+'Despesas Correntes'!N9 -> 0 | O9: =SUM(C9:N9) -> 14977967
A10: Jordão | B10: AC | C10: ='Despesas de Capital'!C10+'Despesas Correntes'!C10 -> 0 | D10: ='Despesas de Capital'!D10+'Despesas Correntes'!D10 -> 1141000 | E10: ='Despesas de Capital'!E10+'Despesas Correntes'!E10 -> 0 | F10: ='Despesas de Capital'!F10+'Despesas Correntes'!F10 -> 100000 | G10: ='Despesas de Capital'!G10+'Despesas Correntes'!G10 -> 3020871 | H10: ='Despesas de Capital'!H10+'Despesas Correntes'!H10 -> 0 | I10: ='Despesas de Capital'!I10+'Despesas Correntes'!I10 -> 0 | J10: ='Despesas de Capital'!J10+'Despesas Correntes'!J10 -> 0 | ... N10: ='Despesas de Capital'!N10+'Despesas Correntes'!N10 -> 0 | O10: =SUM(C10:N10) -> 4261871
A11: Mâncio Lima | B11: AC | C11: ='Despesas de Capital'!C11+'Despesas Correntes'!C11 -> 0 | D11: ='Despesas de Capital'!D11+'Despesas Correntes'!D11 -> 68359.8 | E11: ='Despesas de Capital'!E11+'Despesas Correntes'!E11 -> 0 | F11: ='Despesas de Capital'!F11+'Despesas Correntes'!F11 -> 141117.51 | G11: ='Despesas de Capital'!G11+'Despesas Correntes'!G11 -> 13259257 | H11: ='Despesas de Capital'!H11+'Despesas Correntes'!H11 -> 6273089 | I11: ='Despesas de Capital'!I11+'Despesas Correntes'!I11 -> 0 | J11: ='Despesas de Capital'!J11+'Despesas Correntes'!J11 -> 0 | ... N11: ='Despesas de Capital'!N11+'Despesas Correntes'!N11 -> 0 | O11: =SUM(C11:N11) -> 19741823
A12: Manoel Urbano | B12: AC | C12: ='Despesas de Capital'!C12+'Despesas Correntes'!C12 -> 0 | D12: ='Despesas de Capital'!D12+'Despesas Correntes'!D12 -> 0 | E12: ='Despesas de Capital'!E12+'Despesas Correntes'!E12 -> 0 | F12: ='Despesas de Capital'!F12+'Despesas Correntes'!F12 -> 0 | G12: ='Despesas de Capital'!G12+'Despesas Correntes'!G12 -> 4055000 | H12: ='Despesas de Capital'!H12+'Despesas Correntes'!H12 -> 428126 | I12: ='Despesas de Capital'!I12+'Despesas Correntes'!I12 -> 0 | J12: ='Despesas de Capital'!J12+'Despesas Correntes'!J12 -> 0 | ... N12: ='Despesas de Capital'!N12+'Despesas Correntes'!N12 -> 0 | O12: =SUM(C12:N12) -> 4483126
A13: Marechal Thaumaturgo | B13: AC | C13: ='Despesas de Capital'!C13+'Despesas Correntes'!C13 -> 0 | D13: ='Despesas de Capital'!D13+'Despesas Correntes'!D13 -> 1141000 | E13: ='Despesas de Capital'!E13+'Despesas Correntes'!E13 -> 0 | F13: ='Despesas de Capital'!F13+'Despesas Correntes'!F13 -> 0 | G13: ='Despesas de Capital'!G13+'Despesas Correntes'!G13 -> 6493750 | H13: ='Despesas de Capital'!H13+'Despesas Correntes'!H13 -> 1125793.5 | I13: ='Despesas de Capital'!I13+'Despesas Correntes'!I13 -> 0 | J13: ='Despesas de Capital'!J13+'Despesas Correntes'!J13 -> 0 | ... N13: ='Despesas de Capital'!N13+'Despesas Correntes'!N13 -> 0 | O13: =SUM(C13:N13) -> 8829392
... A5571: Xambioá | B5571: TO | C5571: ='Despesas de Capital'!C5571+'Despesas Correntes'!C5571 -> 0 | D5571: ='Despesas de Capital'!D5571+'Despesas Correntes'!D5571 -> 0 | E5571: ='Despesas de Capital'!E5571+'Despesas Correntes'!E5571 -> 0 | F5571: ='Despesas de Capital'!F5571+'Despesas Correntes'!F5571 -> 0 | G5571: ='Despesas de Capital'!G5571+'Despesas Correntes'!G5571 -> 6680000 | H5571: ='Despesas de Capital'!H5571+'Despesas Correntes'!H5571 -> 0 | I5571: ='Despesas de Capital'!I5571+'Despesas Correntes'!I5571 -> 0 | J5571: ='Despesas de Capital'!J5571+'Despesas Correntes'!J5571 -> 0 | ... N5571: ='Despesas de Capital'!N5571+'Despesas Correntes'!N5571 -> 0 | O5571: =SUM(C5571:N5571) -> 6680000
A5572: Total | C5572: =SUM(C2:C5571) -> 3.2883315e+08 | D5572: =SUM(D2:D5571) -> 4.8816535e+08 | E5572: =SUM(E2:E5571) -> 1.7928463e+08 | F5572: =SUM(F2:F5571) -> 3.9018266e+08 | G5572: =SUM(G2:G5571) -> 1.0525174e+10 | H5572: =SUM(H2:H5571) -> 3.1908869e+09 | I5572: =SUM(I2:I5571) -> 2.596734e+08 | J5572: =SUM(J2:J5571) -> 13747802 | ... N5572: =SUM(N2:N5571) -> 0 | O5572: =SUM(C5572:N5572) -> 1.5397698e+10
